 Dungeon Crawl Stone Soup version 0.28.0-45-g0d030f2227 (webtiles) character file.

Game seed: 16997219626321643754

50 GigaChad the Skirmisher (level 3, -2/30 HPs)
             Began as a Demonspawn Chaos Knight on Apr 13, 2022.
             Was a Plaything of Xom.
             Slain by a worm (10 damage)
             ... on level 3 of the Dungeon.
             The game lasted 00:03:00 (1058 turns).

GigaChad the Skirmisher (Demonspawn Chaos Knight)   Turns: 1058, Time: 00:03:01

Health: -2/30      AC:  5    Str: 12    XL:     3   Next: 55%
Magic:  3/3        EV: 11    Int: 13    God:    Xom [*.....]
Gold:   127        SH:  0    Dex: 12    Spells: 2/2 levels left

rFire   . . .      SeeInvis .   a - +0 falchion (chaos)
rCold   . . .      Faith    .   (no shield)
rNeg    . . .      Spirit   .   b - +2 leather armour
rPois   .          Reflect  .   (helmet restricted)
rElec   .          Harm     .   (no cloak)
rCorr   .          Rampage  .   (no gloves)
Will    .....                   (no boots)
Stlth   +.........              (no amulet)
HPRegen 0.10/turn               (no ring)
MPRegen 0.08/turn               (no ring)

@: no status effects
A: antennae 1, foul stench 1, clumsy 1, screaming 1
a: Renounce Religion


You were on level 3 of the Dungeon.
You worshipped Xom.
You were a special plaything of Xom.
You visited 1 branch of the dungeon, and saw 3 of its levels.

You collected 127 gold pieces.

Inventory:

Hand Weapons
 a - a +0 falchion of chaos (weapon)
Armour
 b - a +2 leather armour (worn)
Scrolls
 c - a scroll of enchant weapon {unknown}
 e - 2 scrolls of fear {unknown}
 f - a scroll of vulnerability {unknown}
 i - 2 scrolls of teleportation {unknown}
Potions
 d - a potion of lignification {unknown}
 g - a potion of flight {unknown}
 h - a potion of magic {unknown}
 j - 2 potions of brilliance {unknown}


   Skills:
 + Level 3.7 Fighting
 + Level 3.2 Long Blades
 + Level 2.0 Armour
 + Level 1.5 Dodging
 + Level 0.1 Stealth


You had 2 spell levels left.
You didn't know any spells.
Your spell library was empty.

Dungeon Overview and Level Annotations

Branches:
Dungeon (3/15)

Altars:
Gozag
Okawaru

Shops:
D:1 (


Innate Abilities, Weirdness & Mutations

You have a pair of small antennae on your head.
You may rarely emit foul miasma when damaged in melee.
You are clumsy. (Dex -2)
You occasionally shout uncontrollably at your foes.


Message History

The orc is almost dead.
The orc hits you with a +0 mace. The worm bites you but does no damage.
The orc hits you with a +0 mace.
You slash the orc!
You kill the orc!
You hear Xom's avuncular chuckle.
Your body is suffused with distortional energy.
Fur sprouts all over your body.
You feel the urge to shout.
You shed all your fur.
You feel clumsy. The worm bites you.
You hit the worm but do no damage. You hit the worm.
The worm seems to slow down.
The worm is lightly wounded.
The worm is no longer moving slowly.
The worm completely misses you.
You hit the worm. You burn the worm.
The worm is moderately wounded.
You hit the worm.
The worm is severely wounded.
The worm bites you.
You completely miss the worm.
The worm is heavily wounded.
The worm bites you but does no damage.
You hit the worm but do no damage.
The worm is heavily wounded.
You barely miss the worm.
The worm is heavily wounded.
The worm bites you.
* * * LOW HITPOINT WARNING * * *
You hit the worm.
The worm is severely wounded.
The worm closely misses you.
You hit the worm.
The worm is severely wounded.
You completely miss the worm.
The worm is severely wounded.
The worm closely misses you.
You barely miss the worm.
The worm is severely wounded.
The worm bites you!
You die...

############
#..........#
#.@).......#
#.w........#
#. .>
####.#####..#
#. .# #.#
.### #. .#
#.# ..# . #.
.# #.# #.###.
#. .# ##.#
####.#... #.
.# ##..#
##......##
#.#.# ##..##
#..##...).


You could see a worm.

Vanquished Creatures
  2 adders (D:3)
  A dart slug (D:3)
  An orc (D:3)
  3 bats
  5 endoplasms
  2 giant cockroaches (D:3)
  A goblin (D:3)
  2 hobgoblins
  2 quokkas
  A frilled lizard (D:3)
  4 kobolds
  2 rats
26 creatures vanquished.

Notes
Turn   | Place    | Note
-------+----------+-------------------------------------------
     0 | D:1      | GigaChad the Demonspawn Chaos Knight began the quest for
                  | the Orb.
     0 | D:1      | Reached XP level 1. HP: 18/18 MP: 1/1
   111 | D:1      | Found Num Cas's Weapon Boutique.
   522 | D:1      | Gained mutation: You may rarely emit foul miasma when
                  | damaged in melee. [demonic ancestry]
   522 | D:1      | Reached XP level 2. HP: 24/24 MP: 2/2
   708 | D:3      | XOM: summons friendly crimson imp
   712 | D:3      | Reached skill level 1 in Dodging
   723 | D:3      | XOM: 6-stop teleportation journey
   725 | D:3      | Gained mutation: You have a pair of small antennae on your
                  | head. [demonic ancestry]
   725 | D:3      | Reached XP level 3. HP: 23/29 MP: 3/3
   868 | D:3      | Found an iron altar of Okawaru.
   884 | D:3      | Found an opulent altar of Gozag.
   923 | D:3      | XOM: blink monster(s)
  1047 | D:3      | XOM: give mutations
  1047 | D:3      | Gained mutation: You are covered in fur. (AC +1) [Xom's
                  | mischief]
  1047 | D:3      | Gained mutation: You occasionally shout uncontrollably at
                  | your foes. [Xom's mischief]
  1047 | D:3      | Lost mutation: You are covered in fur. (AC +1) [Xom's
                  | mischief]
  1047 | D:3      | Gained mutation: You are clumsy. (Dex -2) [Xom's mischief]
  1058 | D:3      | Slain by a worm

Illustrated notes

Levels and vault maps discovered:
D:1:      evilmike_arrival_fibonacci_small, layout_loops_cross, serial_shops,
          nicolae_shop_bloodbath_and_beyond
D:2:      layout_loops_ring, shapermc_ecumenical_altar_mp_vishouse,
          serial_shops, nicolae_lakefront_shop
D:3:      layout_rooms, mainiacjoe_overflow_big_doors, serial_shops,
          nicolae_shop_stone

Skill      XL: |  1  2  3 |
---------------+----------+-----
Dodging        | 1 |  1.5
Long Blades    | 3 |  3.2
Armour         | 2 |  2.0
Fighting       | |  3.7
Stealth        | |  0.1

Action                   || total
-------------------------++-------
Melee: Falchion          ||    78
       Punch             ||     1
 Stab: Sleeping          ||     2
Armor: Leather armour    ||    40
Dodge: Dodged            ||    52
